Map: Orbital Shipyard

Players

Javert

  • Race: Zerg Zerg
  • League: Gold

TakeDown - Winner!

  • Race: Zerg Zerg
  • League: Diamond

VOD

Have the link to the VOD?

Description

Time

  • Played on: Sept. 3, 2015, 12:48 p.m.
  • Length: 8:02
Show
View Real Time Build Order
Export as new Build Order

Javert Zerg 

Build Orders: Pool First 

Get SALT Encoding   

  12  0:01  Drone  
  13  0:14  Overlord  
  13  0:19  Drone  
  14  0:32  Drone  
  14  0:33  Drone  
  16  0:36  Drone  
  17  0:47  Spawning Pool  
  17  0:49  Drone  
  17  0:58  Drone  
  18  1:14  Hatchery  
  18  1:17  Drone  
  18  1:19  Extractor  
  18  1:22  Drone  
  18  1:35  Roach Warren  
  18  1:36  Drone  
  18  1:41  Overlord  
  18  1:52  Drone  
  19  2:01  Queen  
  21  2:17  Roach x2  
  25  2:28  Roach  
  27  2:34  Hatchery  
  26  2:44  Queen  
  26  2:46  Queen  
  30  2:52  Drone  
  31  3:01  Overlord  
  31  3:06  Drone x2  
  33  3:16  Drone x3  
  36  3:29  Drone x4  
  40  3:37  Overlord  
  40  3:47  Drone x3  
  43  3:55  Drone x5  
  48  4:01  Overlord  
  48  4:10  Evolution Chamber, Roach  
  48  4:11  Roach x3  
  55  4:18  Overlord x2  
  57  4:24  Roach x2  
  59  4:33  Lair  
  59  4:36  Drone x4, Extractor  
  62  4:38  Extractor  
  62  4:43  Drone x4  
  65  4:47  Drone x2  
  67  4:58  Drone x3, Extractor  
  67  4:59  Drone x3  
  72  5:09  Drone x3  
  72  5:10  Zerg Missile Weapons Level 1  
  75  5:16  Drone x5  
  76  5:34  Drone x2  
  72  5:43  Overlord x2  
  72  5:46  Extractor  
  72  5:47  Extractor  
  66  5:55  Glial Reconstitution  
  62  5:59  Drone x7  
  62  6:00  Drone x5  
  74  6:07  Evolution Chamber  
  74  6:08  Roach x2  
  77  6:12  Overlord  
  77  6:13  Overlord  
  77  6:19  Roach x3  
  83  6:27  Roach x3  
  89  6:33  Hydralisk Den  
  89  6:35  Queen  
  89  6:37  Hatchery, Roach x3  
  89  6:38  Roach x4  
  103  6:47  Overlord x3  
  103  6:52  Spine Crawler x2  
  101  6:54  Spine Crawler  
  100  7:05  Roach x5  
  100  7:20  Roach x6  
  100  7:21  Roach x3  
  91  7:40  Roach x5  
  91  7:41  Roach x4  
Show
View Real Time Build Order
Export as new Build Order

TakeDown Zerg - Winner!

Build Orders: Hatch First 

Get SALT Encoding   

  12  0:04  Drone  
  13  0:13  Overlord  
  13  0:25  Drone  
  14  0:31  Drone x2  
  16  0:39  Drone  
  17  0:48  Drone  
  18  1:00  Drone  
  19  1:06  Hatchery  
  19  1:11  Drone  
  19  1:20  Drone, Extractor  
  19  1:21  Spawning Pool  
  18  1:31  Drone  
  19  1:41  Drone  
  20  1:58  Overlord  
  20  2:03  Drone  
  21  2:14  Drone  
  22  2:16  Queen  
  22  2:17  Queen  
  22  2:19  Drone  
  27  2:26  Drone  
  28  2:30  Metabolic Boost  
  28  2:35  Zergling x4  
  30  2:49  Drone  
  30  2:50  Drone  
  32  2:51  Overlord  
  32  2:57  Drone  
  33  3:07  Drone x2  
  33  3:12  Baneling Nest  
  34  3:19  Drone  
  36  3:20  Drone  
  35  3:35  Drone x6  
  41  3:44  Roach Warren  
  41  3:46  Drone  
  41  3:47  Drone  
  42  3:49  Hatchery, Extractor x2  
  42  3:55  Overlord  
  39  3:56  Overlord  
  39  3:57  Drone x3  
  39  3:58  Drone  
  43  4:09  Drone  
  44  4:11  Overlord  
  44  4:19  Drone x2  
  44  4:20  Extractor  
  45  4:26  Drone  
  45  4:27  Drone  
  45  4:29  Drone  
  45  4:30  Drone  
  49  4:36  Roach x2  
  53  4:45  Roach x2  
  57  4:52  Roach x2  
  61  4:59  Overlord  
  61  5:00  Overlord x2  
  61  5:02  Queen  
  61  5:03  Drone x2  
  61  5:04  Drone x2  
  67  5:13  Roach x3  
  73  5:23  Roach  
  73  5:24  Roach x2  
  72  5:37  Roach x2  
  72  5:38  Roach x5  
  83  5:48  Queen  
  83  5:49  Overlord  
  83  5:50  Overlord  
  83  5:58  Ravager x4  
  83  6:00  Zergling x2  
  83  6:01  Zergling x6  
  91  6:06  Zergling x10  
  96  6:18  Roach x5  
  104  6:25  Zergling x4  
  108  6:29  Overlord  
  108  6:31  Overlord  
  108  6:33  Overlord  
  108  6:35  Roach x2  
  112  6:46  Zergling x4  
  114  6:49  Zergling x2  
  114  6:50  Zergling x4  
  117  7:03  Zergling x2  
  117  7:04  Zergling x8  
  108  7:26  Roach x8  
Tags
 
Add a new tag
Caveats
  • Supply blocks, unpowered buildings, or Contaminate may cause inaccurate times.
  • Supply counts are checked every 10 seconds.